 Dungeon Crawl Stone Soup version 0.31-a0-89-g637a80eef8 (webtiles) character file.

Game seed: 6928585160945328591

450 Colgate the Magician (level 7, 0/47 (50) HPs)
             Began as a Meteoran Necromancer on May 25, 2023.
             Was an Initiate of Ru.
             Slain by a wight
             ... wielding a +0 scimitar
              (9 damage)
             ... on level 6 of the Dungeon.
             The game lasted 00:12:30 (642 turns).

Colgate the Magician (Meteoran Necromancer)          Turns: 642, Time: 00:12:31

HP:   0/47 (50)     AC:  3    Str: 11    XL:     7   Next: 50%
MP:   16/16         EV: 12    Int: 18    God:    Ru [......]
Gold: 54            SH:  0    Dex: 14    Spells: 9/17 levels left

rFire   x . .        a - +0 great sword
rCold   + . .        (shield currently unavailable)
rNeg    . . .        g - +0 robe
rPois   .            c - +0 helmet
rElec   .            (no cloak)
rCorr   .            (no gloves)
SInv    .            (no boots)
Will    .....        k - amulet of regeneration
Stlth   +            j - ring of ice
HPRegen 1.07/turn    (no ring)
MPRegen 0.15/turn

%: no passive effects
@: glowing, drained
A: sense surroundings 1, otherworldly, glowing, explore regen
a: Renounce Religion


You were on level 6 of the Dungeon.
You worshipped Ru.
Ru was noncommittal.
You visited 1 branch of the dungeon, and saw 7 of its levels.

You collected 54 gold pieces.

Inventory:

Hand Weapons
 a - a +0 great sword (weapon)
 b - a +0 flail
 o - a +0 rapier
Armour
 c - a +0 helmet (worn)
 g - a +0 robe (worn)
Jewellery
 h - an amulet of magic regeneration
 j - a ring of ice (left hand)
 k - an amulet of regeneration (around neck)
Wands
 n - a wand of quicksilver (8) {@v1}
Scrolls
 d - a scroll of silence {unknown}
 l - a scroll of fog {unknown}
Potions
 e - a potion of attraction {unknown}
 f - 2 potions of haste {unknown}
 i - a potion of lignification {unknown}
 m - a potion of brilliance {unknown}


   Skills:
 + Level 5.4 Long Blades
 - Level 2.4 Dodging
 - Level 1.4 Stealth
 - Level 5.5 Spellcasting
 - Level 5.0 Necromancy
 - Level 2.8 Evocations


You had 9 spell levels left.
You knew the following spells:

 Your Spells              Type           Power      Damage    Failure   Level
a - Necrotise             Necr           92%        1d8       1%          1
b - Vampiric Draining     Necr           23%        2d7       4%          3
c - Animate Dead          Necr           23%        N/A       16%         4

Your spell library contained the following spells:

 Spells                   Type           Power      Damage    Failure   Level
 Agony                    Necr           23%        N/A       41%         5


Dungeon Overview and Level Annotations

Branches:
Dungeon (7/15) Zot: 3542   Temple (0/1) D:7

Altars:
Ru
Trog


Innate Abilities, Weirdness & Mutations

You passively map a small area around you.
You are easily found by Zot.
You glow in the dark.
You regain HP and MP as you explore.


Message History

You see here a +0 quarterstaff of pain.
Okay, then.
Aiming: Quicksilver Bolt
Okay, then.
Okay, then.
You see here a rat corpse.
Items here: ††††.
There is a stone staircase leading down here.
HP restored.
Your amulet attunes itself to your body as you begin to regenerate more quickly.
You climb downwards.
You hear the roar of battle.
There is an entrance to a bailey on this level.
Hurry and find it before the portal closes forever!
You hear the faint creaking of a portcullis very nearby.
The wight hits you but does no damage. x2
There is a stone staircase leading up here.
The wight closely misses you.
You climb upwards.
There is a stone staircase leading down here.
The wight attacks as you move away! The wight hits you with a +0 dagger!
The wight attacks as you move away! The wight hits you with a +0 dagger.
You feel drained.
You slash the wight! The wight hits you but does no damage.
You closely miss the wight. The wight closely misses you.
The wight hits you with a +0 dagger!
You slash the wight!
You destroy the wight!
Your life force feels restored.
Your Long Blades skill increases to level 5!
You closely miss the wight. The wight barely misses you.
You closely miss the wight. The wight hits you with a +0 scimitar!
You feel drained. The wight closely misses you.
You are too injured to fight recklessly!
You hit the wight. The wight hits you with a +0 scimitar!
You hit the wight. The wight hits you with a +0 scimitar!
* * * LOW HITPOINT WARNING * * *
You feel drained.
* * * LOW HITPOINT WARNING * * *
The wight hits you with a +0 scimitar!
You die...

........##[..^......#
.....##.##..........#
........#...........#
....................#
..................###
.....†.........##.#
###.......##...##.#
.............>[##.##
...............z@(.#
............#..##..#
###.#.#.....#..##..#
* #
#.#.....#.#......#
#.#....##.#.#†#..# ,
, , ,
#.......###.##.... *
* #....######.#####.#
, ####..##.......## .
8 * ####.........##


You could see a wight.

Vanquished Creatures
  A water moccasin (D:6)
  An ice beast (D:7)
  2 wights (D:6)
  A hound (D:6)
  A jelly (D:5)
  An iguana (D:6)
  2 gnolls (D:6)
  4 adders
  A worm (D:2)
  2 orcs (D:6)
  A giant cockroach (D:2)
  2 hobgoblins (D:2)
  2 bats (D:2)
  5 rats (D:6)
26 creatures vanquished.

Notes
Turn   | Place    | Note
-------+----------+-------------------------------------------
     0 | D:1      | Colgate the Meteoran Necromancer began the quest for the
                  | Orb.
     0 | D:1      | Reached XP level 1. HP: 14/14 MP: 5/5
    37 | D:2      | Reached XP level 2. HP: 4/20 MP: 5/7
    81 | D:2      | Reached XP level 3. HP: 26/26 MP: 4/9
    85 | D:2      | Learned a level 3 spell: Vampiric Draining
   187 | D:3      | Reached XP level 4. HP: 20/33 MP: 1/11
   192 | D:3      | Learned a level 4 spell: Animate Dead
   230 | D:5      | Entered Level 5 of the Dungeon
   265 | D:5      | Reached skill level 5 in Spellcasting
   332 | D:5      | Found a sacrificial altar of Ru.
   338 | D:5      | Became a worshipper of Ru the Awakened
   410 | D:6      | Reached XP level 5. HP: 38/38 MP: 10/14
   454 | D:6      | Reached skill level 5 in Necromancy
   461 | D:6      | Reached skill level 1 in Long Blades
   477 | D:6      | Noticed a water moccasin
   484 | D:6      | Killed a water moccasin
   485 | D:6      | Reached XP level 6. HP: 20/45 MP: 15/15
   537 | D:7      | Noticed an ice beast
   549 | D:7      | Killed an ice beast
   550 | D:7      | Reached XP level 7. HP: 24/50 MP: 7/16
   556 | D:7      | Found a staircase to the Ecumenical Temple.
   578 | D:6      | Noticed a moth of wrath
   581 | D:6      | Found a bloodstained altar of Trog.
   639 | D:6      | Reached skill level 5 in Long Blades
   642 | D:6      | Slain by a wight

Illustrated notes

Levels and vault maps discovered:
D:1:      wander_arrival_desolate, layout_basic
D:2:      layout_basic, nicolae_kite_square_tiling_tiny, roderic_lattice_a
D:3:      layout_rooms, nicolae_overflow_two_pavilions,
          mainiacjoe_overflow_divided_tiny,
          shapermc_ecumenical_altar_mp_vishouse, kennysheep_generic_room_8
D:4:      layout_layer_cave, nicolae_eternal_life, nicolae_shop_unique_rings
D:5:      layout_gridville, mainiacjoe_overflow_alcove_2, uniq_sigmund,
          uniq_eustachio, uniq_crazy_yiuf_cottage
D:6:      layout_basic, tgw_trog, st_stairs_14
D:7:      layout_basic, led_sif_pool, temple_fountains, enter_bailey_3

Skill      XL: |  1  2  3  4  5  6  7 |
---------------+----------------------+-----
Spellcasting   | 3 4 5 |  5.5
Necromancy     | 5 |  5.0
Long Blades    | 4 5 |  5.4
Evocations     | 2 |  2.8
Dodging        | |  2.4
Stealth        | |  1.4

Action                     |  1- 3 |  4- 6 |  7- 9 || total
---------------------------+-------+-------+-------++-------
  Melee: Unarmed           |     3 |       |       ||     3
         Rapier            |       |     2 |       ||     2
         Great sword       |       |    13 |    15 ||    28
   Cast: Necrotise         |    28 |    17 |       ||    45
         Vampiric Draining |     1 |     7 |       ||     8
         Animate Dead      |       |     1 |       ||     1
    Use: Potion            |     1 |       |       ||     1
 Armour: Robe              |     3 |     6 |     4 ||    13
  Dodge: Dodged            |     7 |    13 |    11 ||    31

Table legend: (Time is in decaauts)
 A = Elapsed time spent in this place.
 B = Non-inter-level travel time spent in this place.
 C = Inter-level travel time spent in this place.
 D = Time resting spent in this place.
 E = Time spent auto-exploring this place.
 F = Levels seen in this place.
 G = Mean time per level.
                   A        B        C        D        E       F      G
               +--------+--------+--------+--------+--------+-----+--------+
         Total |    655 |    655 |      0 |      0 |      0 |   7 |   93.6 |
       Dungeon |    655 |    655 |      0 |      0 |      0 |   7 |   93.6 |
               +--------+--------+--------+--------+--------+-----+--------+

Top non-repeatable levels by time:
     D:6: 217 daAuts
     D:5: 150 daAuts
     D:2: 147 daAuts
     D:3: 56 daAuts
     D:7: 38 daAuts
     D:4: 37 daAuts
     D:1: 7 daAuts
